 Dungeon Crawl Stone Soup version 0.31-a0-836-g3ceb0a68c4 (webtiles) character file.

Game seed: 7268125903746452909

49 PimpSugar the Magician (level 3, -4/23 HPs)
             Began as an Octopode Hedge Wizard on Sept 26, 2023.
             Killed from afar by an orc wizard (6 damage)
             ... with a puff of flame
             ... on level 3 of the Dungeon.
             The game lasted 00:05:10 (2063 turns).

PimpSugar the Magician (Octopode Hedge Wizard)      Turns: 2063, Time: 00:05:11

Health: -4/23      AC:  1    Str:  9    XL:     3   Next: 77%
Magic:  5/8        EV: 28    Int: 18    God:
Gold:   69         SH:  0    Dex: 11    Spells: 6/9 levels left

rFire   . . .        a - +0 dagger (flame)
rCold   . . .        (no shield)
rNeg    . . .        b - +0 hat
rPois   .            g - amulet of the acrobat
rElec   .            (no ring)
rCorr   .            (no ring)
SInv    .            (no ring)
Will    .....        (no ring)
Stlth   ++           (no ring)
HPRegen 0.23/turn    (no ring)
MPRegen 0.11/turn    (no ring)
                     (no ring)

%: acrobat
@: confused, acrobatic
A: almost no armour, amphibious, 8 rings, camouflage 1, gelatinous body 1,
(nimble swimmer 1), tentacles
a: no special abilities


You were on level 3 of the Dungeon.
You visited 1 branch of the dungeon, and saw 3 of its levels.

You collected 69 gold pieces.

Inventory:

Hand Weapons
 a - a +0 dagger of flaming (weapon)
 j - a +0 dagger
Missiles
 f - a throwing net
 h - 18 stones
Armour
 b - a +0 hat (worn)
Jewellery
 g - an amulet of the acrobat (around mantle)
Wands
 m - a wand of quicksilver (7) (quivered)
Scrolls
 e - a scroll of teleportation
Potions
 c - a potion of magic


   Skills:
 + Level 1.1 Fighting
 - Level 2.0 Dodging
 + Level 3.3 Stealth
 * Level 3.5 Spellcasting
 + Level 1.5 Conjurations
 * Level 1.5 Summonings
 - Level 1.0 Translocations
 + Level 0.0 Evocations


You had 6 spell levels left.
You knew the following spells:

 Your Spells              Type           Power      Damage    Failure   Level
a - Magic Dart            Conj           32%        1d4       9%          1
b - Call Imp              Summ           16%        N/A       13%         2

Your spell library contained the following spells:

 Spells                   Type           Power      Damage    Failure   Level
 Slow                     Hex            12%        N/A       16%         1
 Blink                    Tloc           12%        N/A       16%         2
 Cigotuvi's Dreadful Rot  Necr/Pois/Air  6%         N/A       24%         2
 Mephitic Cloud           Conj/Pois/Air  5%         N/A       36%         3
 Summon Ice Beast         Ice/Summ       5%         N/A       75%         4
 Summon Mana Viper        Hex/Summ       5%         N/A       97%         5
 Monstrous Menagerie      Summ           4%         N/A       100%        7


Dungeon Overview and Level Annotations

Branches:
Dungeon (3/15)

Altars:


Innate Abilities, Weirdness & Mutations

You cannot wear most types of armour.
You are amphibious.
You can wear up to eight rings at the same time.
Your skin changes colour to match your surroundings (Stealth+).
Your rubbery body absorbs attacks. (AC +1, EV +1)
((You are camouflaged when in or above water. (Stealth+)))
You have tentacles for arms and can constrict up to eight enemies at once.


Message History

You constrict the orc.
You kill the orc!
Your cerulean imp hits the orc from afar with a -4 spear.
The orc dies!
The orc barely misses your cerulean imp.
Casting: Call Imp (safe; 13% risk of failure)
Confirm with . or Enter, or press ? or * to list all spells.
Aiming: Magic Dart (safe; 9% risk of failure)
Press: ? - help, Shift-Dir - straight line, f - orc wizard
Aim: an orc wizard, wielding a +3 dagger and wearing a +0 robe (ally target, 100% to hit)
The magic dart hits the orc wizard.
The orc wizard is moderately wounded.
Your cerulean imp hits the orc wizard but does no damage.
The orc hits your cerulean imp but does no damage.
The orc closely misses your cerulean imp.
Your cerulean imp hits the orc wizard but does no damage.
The orc wizard gestures at you while chanting.
You are confused.
The orc misses your cerulean imp.
You're too confused to cast spells.
Sorry, you're not good enough to have a special ability.
Unknown command.
You bump into the rock wall.
Your cerulean imp hits the orc wizard from afar with a -4 spear.
The orc hits your cerulean imp with a +0 whip.
You're too confused to cast spells.
Sorry, you're not good enough to have a special ability.
Unknown command.
The orc wizard hits you with a +3 dagger.
* * * LOW HITPOINT WARNING * * *
You are too confused!
You're too confused to move!
Your cerulean imp hits the orc wizard from afar with a -4 spear.
The orc wizard hits you with a +3 dagger.
* * * LOW HITPOINT WARNING * * *
The orc hits your cerulean imp with a +0 whip.
Your cerulean imp hits the orc wizard from afar with a -4 spear.
The orc wizard gestures at you while chanting.
The puff of flame hits you.
You die...

##### ## ...o###..
....#.# #o.#.#####
.######5.......
.......o.......
.........#o#...###
#........#.###..#
#....... #@# .#
#....... #.# ..
#.#+######.### .
#.#.# #......#
#.###.#.###......#
#...†............#
#####..###.......#
#..# #.......#
#..###.....###


You could see an orc wizard (ally target), 2 orcs and a friendly cerulean imp
(summoned).

Vanquished Creatures
  2 dart slugs
  An orc (D:3)
  4 endoplasms
  5 goblins
  2 hobgoblins (D:2)
  3 quokkas
  4 ball pythons (D:1)
  A bat (D:3)
  4 frilled lizards
  3 rats
29 creatures vanquished.

Vanquished Creatures (collateral kills)
  An adder (D:2)
  An orc (D:3)
  A giant cockroach (D:2)
  A rat (D:2)
4 creatures vanquished.

Grand Total: 33 creatures vanquished

Notes
Turn   | Place    | Note
-------+----------+-------------------------------------------
     0 | D:1      | PimpSugar the Octopode Hedge Wizard began the quest for the
                  | Orb.
     0 | D:1      | Reached XP level 1. HP: 11/11 MP: 4/4
   361 | D:1      | Reached XP level 2. HP: 18/18 MP: 4/6
  1009 | D:2      | Learned a level 2 spell: Call Imp
  1168 | D:2      | Reached skill level 1 in Fighting
  1168 | D:2      | Reached XP level 3. HP: 13/23 MP: 5/7
  2062 | D:3      | HP: 1/23 [orc wizard/+3 dagger (5)]
  2063 | D:3      | Killed from afar by an orc wizard

Illustrated notes

Levels and vault maps discovered:
D:1:      scummos_arrival_gate, layout_basic
D:2:      layout_loops_ring, roderic_lattice_a
D:3:      layout_basic, portal_sewer_entry_c

Skill      XL: |  1  2 |
---------------+-------+-----
Stealth        | 3 |  3.3
Fighting       | 1 |  1.1
Dodging        | |  2.0
Spellcasting   | |  3.5
Conjurations   | |  1.5
Summonings     | |  1.5
Translocations | |  1.0

Action                     || total
---------------------------++-------
  Melee: Dagger            ||    55
         Constrict         ||    11
         Punch             ||     1
         Tentacles         ||    11
   Cast: Magic Dart        ||    16
         Call Imp          ||     5
    Use: Scroll            ||     5
         Potion            ||     1
   Stab: Sleeping          ||     7
 Armour: Skin              ||    33
  Dodge: Dodged            ||    53

Table legend: (Time is in decaauts)
 A = Elapsed time spent in this place.
 B = Non-inter-level travel time spent in this place.
 C = Inter-level travel time spent in this place.
 D = Time resting spent in this place.
 E = Time spent auto-exploring this place.
 F = Levels seen in this place.
 G = Mean time per level.
                   A        B        C        D        E       F      G
               +--------+--------+--------+--------+--------+-----+--------+
         Total |   2041 |   1975 |     66 |    188 |   1364 |   3 |  680.3 |
       Dungeon |   2041 |   1975 |     66 |    188 |   1364 |   3 |  680.3 |
               +--------+--------+--------+--------+--------+-----+--------+

Top non-repeatable levels by time:
     D:2: 1031 daAuts
     D:1: 951 daAuts
     D:3: 58 daAuts
